 Dungeon Crawl Stone Soup version 0.20-a0-208-g55166f7 (webtiles) character file.

226 deepsabbath the Chopper (level 5, -3/28 HPs)
             Began as a Deep Elf Fire Elementalist on Nov 25, 2016.
             Was an Initiate of Gozag.
             Killed by divine providence
             ... invoked by an orc priest
              (12 damage)
             ... on level 3 of the Dungeon.
             The game lasted 00:20:23 (8757 turns).

deepsabbath the Chopper (DEFE)                      Turns: 8757, Time: 00:20:24

Health: -3/28      AC:  6    Str:  4 (6)  XL:     5   Next: 69%
Magic:  11/11      EV:  8    Int: 17 (20) God:    Gozag
Gold:   544        SH:  4    Dex: 15      Spells: 10/10 levels left

rFire  . . .     SeeInvis .     a - +0 hand axe
rCold  . . .     Gourm    .     c - +0 ring mail
rNeg   . . .     Faith    .     d - +0 buckler
rPois  .         Spirit   .     (no helmet)
rElec  .         Reflect  .     (no cloak)
rCorr  .         Harm     .     (no gloves)
MR     .....                    i - +0 pair of boots
Stlth  +.........               (no amulet)
                                (no ring)
                                (no ring)

@: no status effects
A: no striking features
a: Potion Petition, Call Merchant, Bribe Branch, Renounce Religion


You were on level 3 of the Dungeon.
You worshipped Gozag.
Gozag was pleased with you.
You were hungry.

You visited 1 branch of the dungeon, and saw 5 of its levels.

You collected 567 gold pieces.
You paid 23 gold pieces to Gozag.

Inventory:

Hand Weapons
 a - a +0 hand axe (weapon)
   (You found it on level 1 of the Dungeon)
 b - a +0 blowgun
   (You took it off a kobold on level 3 of the Dungeon)
 t - a +1 whip of freezing
   (You found it on level 2 of the Dungeon)
Missiles
 j - 182 stones (quivered)
 r - 12 poisoned needles
 w - a curare-tipped needle
Armour
 c - a +0 ring mail (worn)
   (You took it off an orc on level 3 of the Dungeon)
 d - a +0 buckler (worn)
   (You found it on level 1 of the Dungeon)
 i - a +0 pair of boots (worn)
   (You found it on level 1 of the Dungeon)
Scrolls
 h - a scroll of identify
 m - a scroll of immolation {!r}
Potions
 e - a potion of berserk rage {!q}
 f - 2 potions of cure mutation {!q}
 q - a potion of mutation {!q}
Books
 y - a book of Flames
Comestibles
 g - a bread ration {@e1}
 p - 2 meat rations {@e2}


   Skills:
 * Level 4.0 Axes
 + Level 1.7 Throwing
 - Level 2.4 Dodging
 - Level 2.4 Stealth
 + Level 1.0 Shields
 - Level 3.0 Spellcasting
   Level 1.1 Conjurations
   Level 3.2 Fire Magic


You had 10 spell levels left.
You didn't know any spells.

Dungeon Overview and Level Annotations

Branches:
Dungeon (5/15)
 Temple: D:4-7

Altars:
Gozag

Annotations:
D:4 Dowan, Duvessa, Grinder
D:5 exclusion: Menkaure, Menkaure


Message History

The hound skeleton closely misses you.
The hound skeleton bites you but does no damage.
You hit the hound skeleton.
The hound skeleton bites you but does no damage.
You hit the hound skeleton.
The hound skeleton completely misses you.
The hound skeleton bites you.
You take 2 damage, and have 23/28 hp.
You hit the hound skeleton but do no damage.
The hound skeleton bites you but does no damage.
You hit the hound skeleton.
You destroy the hound skeleton!
You feel your dexterity returning.
Your Shields skill increases to level 1!
No target in view!
No target in view!
You now have 519 gold pieces (gained 5).
j - 178 stones (gained 1)
j - 179 stones (gained 1)
j - 180 stones (gained 1)
You open the door.
There is an open door here.
You now have 529 gold pieces (gained 10).
e - an inky potion You open the door.
Found a stone staircase leading down.
There is an open door here.
There is a stone staircase leading down here.
You climb downwards.
Menkaure, Prince of Dust comes into view.
There is a stone staircase leading up here.
Health restored: 28 You climb upwards.
Level annotation: Dowan, Duvessa, Grinder
There is a stone staircase leading down here.
A giant cockroach comes into view.
Aim: a giant cockroach (clinging, resting)
You throw a stone.
The stone hits the giant cockroach but does no damage.
Aim: a giant cockroach (clinging)
You throw a stone.
The stone hits the giant cockroach but does no damage.
You slash the giant cockroach!
You kill the giant cockroach!
No target in view!
No target in view!
No target in view!
You now have 535 gold pieces (gained 6).
j - 179 stones (gained 1)
j - 180 stones (gained 1)
p - 2 meat rations {@e2} (gained 1)
h - 2 scrolls of identify
Okay, then.
Okay, then.
As you read the scroll of identify, it crumbles to dust.
e - a potion of berserk rage You now have 544 gold pieces (gained 9).
Grinder shouts!
Grinder is too close now for your liking.
Grinder blinks!
There is an open door, spattered with blood here.
You close the door.
There is an open door here.
You close the door.
There is an open door here.
A scorpion comes into view.
You are feeling hungry.
There is a stone staircase leading up here.
You climb upwards.
There is a stone staircase leading down here.
You see here a dagger.
j - 181 stones (gained 1)
j - 182 stones (gained 1)
The orc priest is too close now for your liking.
You see here a stone.
You start waiting.
The orc priest hits you but does no damage.
You hit the orc priest. The orc priest hits you with a dagger.
You take 1 damage, and have 27/28 hp.
You barely miss the orc priest. The orc priest closely misses you.
You hit the orc priest.
The orc priest looks encouraged for a moment.
The orc shouts!
You hit the orc priest. The orc priest hits you with a dagger.
You take 3 damage, and have 24/28 hp.
You hit the orc priest but do no damage.
The orc priest hits you with a dagger. You block the orc priest's attack.
You take 1 damage, and have 23/28 hp.
You closely miss the orc priest.
The orc priest calls down the wrath of Beogh upon you.
Beogh smites you!
You take 11 damage, and have 12/28 hp.
MASSIVE DAMAGE!!
You hit the orc priest. The orc priest hits you with a dagger.
You take 3 damage, and have 9/28 hp.
Your shield and ring mail prevent you from hitting the orc priest.
The orc priest mumbles some strange prayers to Beogh against you.
Beogh smites you!
You die...
Your body crumbles into a pile of gold.

#..# #...............#
##.#########...............#
...........................#
##..########...o...........#
#.....## #...............#
#.###..#####.............##
#.# ##.).####...o.......##
#.# ###..######o..###### #.#
##......@(#.# ##.#
##....####.####
#..#######..##.## .....#
...........###..##.....#
..########## ##>##.....#
..#### #........#
.....############......#
.............###[......###
.######.####.............#


You could see an orc priest and an orc.

Vanquished Creatures
  An orc wizard (D:3)
  2 hound skeletons (D:4)
  3 gnolls
  4 adders
  An ooze (D:3)
  A dart slug (D:2)
  5 leopard geckos
  11 orcs
  10 bats
  6 giant cockroaches
  7 goblins
  7 hobgoblins
  3 quokkas
  2 ball pythons
  5 frilled lizards
  12 kobolds
  6 rats
86 creatures vanquished.

Notes
Turn   | Place    | Note
-------+----------+-------------------------------------------
     0 | D:1      | deepsabbath the Deep Elf Fire Elementalist began the quest for the Orb.
     0 | D:1      | Reached XP level 1. HP: 10/10 MP: 6/6
    94 | D:1      | Reached skill level 1 in Axes
   156 | D:1      | Reached XP level 2. HP: 8/15 MP: 8/8
  1154 | D:2      | Reached skill level 2 in Axes
  1622 | D:2      | Found an opulent altar of Gozag.
  1644 | D:2      | Became a worshipper of Gozag Ym Sagoz the Greedy
  1737 | D:2      | HP: 3/15 [adder (3)]
  1752 | D:2      | Reached XP level 3. HP: 10/19 MP: 9/9
  2248 | D:2      | HP: 1/19 [hobgoblin/short sword (4)]
  2316 | D:2      | HP: 4/19 [hobgoblin/short sword (1)]
  4167 | D:3      | Reached skill level 3 in Axes
  4167 | D:3      | Reached XP level 4. HP: 14/24 MP: 10/10
  4699 | D:3      | Found a faded altar of an unknown god.
  4760 | D:3      | HP: 6/24 [quokka (5)]
  5773 | D:2      | HP: 5/24 [gnoll (5)]
  5779 | D:2      | Reached skill level 1 in Throwing
  6161 | D:3      | HP: 5/24 [leopard gecko (4)]
  6163 | D:3      | HP: 2/24 [leopard gecko (1)]
  6481 | D:3      | Reached XP level 5. HP: 28/28 MP: 11/11
  6546 | D:4      | Noticed Grinder
  6612 | D:4      | Noticed Duvessa
  6614 | D:4      | Noticed Dowan
  6638 | D:3      | HP: 6/28 [adder (2)]
  6643 | D:3      | HP: 4/28 [poisoned by an adder]
  6652 | D:3      | HP: 3/28 [poisoned by an adder]
  6658 | D:3      | HP: 2/28 [poisoned by an adder]
  6664 | D:3      | HP: 2/28 [poisoned by an adder]
  6669 | D:2      | HP: 1/28 [poisoned by an adder]
  7229 | D:3      | HP: 6/28 [orc/tomahawk (5)]
  7282 | D:2      | HP: 6/28 [orc/whip (4)]
  7294 | D:2      | HP: 1/28 [orc/whip (3)]
  7366 | D:2      | HP: 6/28 [orc/whip (1)]
  7754 | D:2      | HP: 3/28 [orc/short sword (5)]
  8109 | D:3      | You fall through a shaft!
  8286 | D:4      | Reached skill level 4 in Axes
  8541 | D:4      | Reached skill level 1 in Shields
  8584 | D:5      | Entered Level 5 of the Dungeon
  8584 | D:5      | Noticed Menkaure
  8757 | D:3      | Killed from afar by an orc priest

Vault maps used:
D:1:      shiori_arrival_oz
D:2:      nicolae_gozag_seed_capital
D:3:      chequers_ecumenical_altar_island
D:4:      grunt_decor_mini_mirrors, uniq_grinder, uniq_natasha, uniq_duvessa,
          uniq_pikel
D:5:      first_bread, grunt_ministairs_2, uniq_menkaure

Skill      XL: |  1  2  3  4  5 |
---------------+----------------+-----
Axes           | 1 2 3 4 |  4.0
Throwing       | 1 |  1.7
Shields        | 1 |  1.0
Dodging        | |  2.4
Stealth        | |  2.4
Spellcasting   | |  3.0
Conjurations   | |  1.1
Fire Magic     | |  3.2

Action                   |  1- 3 |  4- 6 || total
-------------------------+-------+-------++-------
Melee: Hand axe          |   225 |   288 ||   513
 Fire: Blowgun           |       |    11 ||    11
Throw: Stone             |   154 |    83 ||   237
Invok: Potion Petition   |     1 |       ||     1
  Use: Potion            |     6 |    10 ||    16
       Scroll            |     4 |     3 ||     7
 Stab: Distracted        |       |     1 ||     1
       Sleeping          |       |     1 ||     1
  Eat: Chunk             |     2 |       ||     2
       Bread ration      |     2 |     2 ||     4
       Meat ration       |       |     1 ||     1
Armor: Robe              |    22 |       ||    22
       Leather armour    |    49 |    37 ||    86
       Ring mail         |       |    56 ||    56
Dodge: Dodged            |   165 |   137 ||   302
Block: Buckler           |    46 |    53 ||    99

Vault maps used:
D:1:      shiori_arrival_oz
D:2:      nicolae_gozag_seed_capital
D:3:      chequers_ecumenical_altar_island
D:4:      grunt_decor_mini_mirrors, uniq_grinder, uniq_natasha, uniq_duvessa,
          uniq_pikel
D:5:      first_bread, grunt_ministairs_2, uniq_menkaure

Table legend:
 A = Turns spent in this place as a percentage of turns spent in the entire game.
 B = Non-inter-level travel turns spent in this place as a percentage of non-inter-level travel turns spent in the entire game.
 C = Inter-level travel turns spent in this place as a percentage of turns spent in this place.
 D = Turns resting spent in this place as a percentage of non-inter-level travel turns spent in this place.
 E = Turns spent auto-exploring this place as a percentage of non-inter-level travel turns spent in this place.
 F = Non-inter-level travel turns spent in this place divided by the number of levels of this place that you've seen.
                   A       B       C       D       E      F
               +-------+-------+-------+-------+-------+----------------------
         Total | 100.0 | 100.0 |   0.8 |   4.4 |   4.2 | 519.6
       Dungeon | 100.0 | 100.0 |   0.8 |   4.4 |   4.2 | 519.6
               +-------+-------+-------+-------+-------+----------------------

Table legend:
 A = Kills in this place as a percentage of kills in entire the game.
 B = Kills by you in this place as a percentage of kills by you in the entire game.
 C = Kills by friends in this place as a percentage of kills by friends in the entire game.
 D = Other kills in this place as a percentage of other kills in the entire game.
 E = Experience gained in this place as a percentage of experience gained in the entire game.
 F = Experience gained in this place divided by the number of levels of this place that you have seen.
                   A       B       C       D       E      F
               +-------+-------+-------+-------+-------+----------------------
         Total | 100.0 | 100.0 |  -nan |  -nan | 100.0 |  64.8
       Dungeon | 100.0 | 100.0 |  -nan |  -nan | 100.0 |  64.8
               +-------+-------+-------+-------+-------+----------------------
